 Dungeon Sprint DCSS version 0.27.1 (webtiles) character file.

Game seed: 5624774174958612832

9 sasquatch the Sneak (level 2, 0/13 HPs)
             Began as a Vine Stalker Enchanter on Aug 27, 2021.
             Splashed by an oklob sapling's acid (8 damage)
             ... in the Dungeon (Sprint IV: "Fedhas' Mad Dash").
             The game lasted 00:01:00 (46 turns).

sasquatch the Sneak (Vine Stalker Enchanter)          Turns: 46, Time: 00:01:01

Health: 0/13       AC: -2    Str: 10    XL:     2   Next: 16%
Magic:  0/6        EV: 12    Int: 15    God:
Gold:   0          SH:  0    Dex: 14    Spells: 5/6 levels left

rFire    . . .     SeeInvis .   a - +1 dagger
rCold    . . .     Faith    .   (no shield)
rNeg     . . .     Spirit   +   b - +0 robe
rPois    .         Reflect  .   (no helmet)
rElec    .         Harm     .   (no cloak)
rCorr    .         Rampage  .   (no gloves)
Will     +....     NoTele   +   (no boots)
Stlth    +++.......             (no amulet)
HPRegen  0.04/turn              h - ring of willpower
MPRegen  0.10/turn              (no ring)

@: corroded
A: fangs 2, magic shield, antimagic bite, no potion heal 2
a: no special abilities


You were in the Dungeon.
You visited 1 branch

Inventory:

Hand Weapons
 a - a +1 dagger (weapon)
Armour
 b - a +0 robe (worn)
Jewellery
 h - a ring of willpower (left hand)
Scrolls
 g - a scroll of blinking
Potions
 c - a potion of curing
 d - a potion of haste
 e - 2 potions of magic
 f - a potion of berserk rage


   Skills:
 * Level 2.4 Short Blades
 - Level 1.5 Dodging
 + Level 4.3 Stealth
 + Level 2.8 Spellcasting
 + Level 3.5 Hexes


You had 5 spell levels left.
You knew the following spells:

 Your Spells              Type           Power      Damage    Failure   Level
a - Corona                Hex            13%        N/A       4%          1

Your spell library contained the following spells:

 Spells                   Type           Power      Damage    Failure   Level
 Confusing Touch          Hex            12%        N/A       14%         3
 Tukima's Dance           Hex            12%        N/A       14%         3
 Ensorcelled Hibernation  Hex/Ice        14%        N/A       16%         2
 Dazzling Flash           Conj/Hex       14%        N/A       30%         3


Dungeon Overview and Level Annotations

Branches:
Dungeon (1/1)

Altars:

Annotations:
D exclusion: oklob sapling


Innate Abilities, Weirdness & Mutations

You have extremely sharp teeth.
When hurt, damage is shared between your health and your magic reserves.
Your bite disrupts and absorbs the magic of your enemies.
Potions cannot restore your health.


Message History

You add the spells Corona, Ensorcelled Hibernation, Confusing Touch, Tukima's Dance and Dazzling Flash to your library.
Welcome, sasquatch the Vine Stalker Enchanter.
Press ? for a list of commands and other information.
Found a staircase leading out of the dungeon.
You open the door.
A rat and a river rat come into view.
Found a notched jade ring.
There is an open door here.
The helpless river rat fails to defend itself.
You impale the river rat!!
You kill the river rat!
Your Short Blades skill gained 2 levels and is now at level 2!
Your Stealth skill increases to level 4!
You have reached level 2!
The rat bites you.
You barely miss the rat. The rat barely misses you.
You barely miss the rat. Your bite misses the rat. The rat misses you.
You hit the rat.
You kill the rat!
h - a ring of willpower
h - a ring of willpower (left hand)
You start resting.
Magic restored.
As you open the door, it creaks loudly!
An oklob sapling comes into view.
Marking area around an oklob sapling as unsafe for travelling.
Found 35 gold pieces.
There is an open door here.
You hit the oklob sapling but do no damage.
You bite the oklob sapling, but do no damage.
You hit the oklob sapling but do no damage.
You bite the oklob sapling, but do no damage.
You hit the oklob sapling but do no damage.
You bite the oklob sapling. You drain its power.
The oklob sapling is moderately damaged.
The oklob sapling spits acid at you. The splash of acid hits you!
The acid corrodes you!
You are splashed with acid!
Ouch! That really hurt!
You die...

##################
#<..P#.....#.$$$$#
#PP..'.....@.#
#PPPP#...†.#P#
##############


You could see an oklob sapling.

Vanquished Creatures
  A river rat (D)
  A rat (D)
2 creatures vanquished.

Notes
Turn   | Place    | Note
-------+----------+-------------------------------------------
     0 | D        | sasquatch the Vine Stalker Enchanter began the quest for
                  | the Orb.
     0 | D        | Reached XP level 1. HP: 9/9 MP: 4/4
     9 | D        | Reached skill level 4 in Stealth
     9 | D        | Reached XP level 2. HP: 13/13 MP: 4/6
    42 | D        | Noticed an oklob sapling
    46 | D        | Splashed by an oklob sapling's acid

Illustrated notes

Levels and vault maps discovered:
D:        dungeon_sprint_fedhas [sprint_temple]

Skill      XL: |  1 |
---------------+----+-----
Short Blades   | 2 |  2.4
Stealth        | 4 |  4.3
Dodging        | |  1.5
Spellcasting   | |  2.8
Hexes          | |  3.5

Action                   || total
-------------------------++-------
Melee: Dagger            ||     7
       Bite              ||     3
 Stab: Sleeping          ||     1
Dodge: Dodged            ||     2
